Penguins vs Condors

Created - March 29, 2022 at 19:08

Goals
1 2 3 T
Penguins 1 1 1 3
Condors 2 2 1 5
Shots
1 2 3 T
Penguins 9 11 9 29
Condors 13 17 8 38

1st period

1. Condors , Louis Leblanc 6 (C.J Suess 3, Adam Erne 13) at 0:58
2. Condors , Christian Thomas 5 (Kiefer Sherwood 10, Daniel Zaar 17) at 11:36
3. Penguins , Vince Hinostroza 24 (Kyle Connor 15, Frederick Gaudreau 20) at 14:50

Penalties :
No Penalty

2nd period

4. Penguins , Josh Jooris 22 (Danny Biega 11, Andy Andreoff 19) at 1:25 (PP)
5. Condors , Mark Jankowski 15 (Jesse Puljujarvi 10, Scott Mayfield 21) at 5:35
6. Condors , Tyler Bozak 29 (Daniel Zaar 18, Anton Slepyshev 26) at 16:54 (PP)

Penalties :
Carl Gunnarsson (Bak) for Slashing (Double Minor) at 1:16, Zac Leslie (Bak) for Hooking (Minor) at 11:31, Gavin Bayreuther (Wil) for Hooking (Minor) at 16:41, Anton Slepyshev (Bak) for Holding (Minor) at 17:51, Anthony Beauvillier (Wil) for Hooking (Minor) at 19:16

3rd period

7. Penguins , Vince Hinostroza 25 (Gavin Bayreuther 14, Kyle Connor 16) at 6:18 (PP)
8. Condors , Louis Leblanc 7 (Mark Jankowski 17) at 11:31

Penalties :
Iven Barbashev (Wil) for Hooking (Minor) at 1:42, C.J Suess (Bak) for Slashing (Minor) at 5:41, Josh Jooris (Wil) for Goalie Interference (Minor) at 7:24, Cedric Paquette (Wil) for Slashing (Minor) at 13:21

Goalie Stats

Connor Hellebyuk (Wil), 33 saves from 38 shots - (0.868), L, 18-16-1, 60:00 minutes
Ilya Samsonov (Bak), 26 saves from 29 shots - (0.897), W, 14-14-1, 60:00 minutes

Players Stats for Penguins

Player Name              G  A  P  +/- PIM S  H  SB GA TA FO     MP     PP MP  PK MP  
------------------------------------------------------------------------------------
Adam Brooks              0  0  0  -1  0   0  1  2  0  0  1/2    12:42   0:00   1:43 
Andy Andreoff            0  1  1  -1  0   3  0  0  0  0  0/0    22:26   2:52   4:25 
Anthony Beauvillier      0  0  0  -1  2   0  2  0  0  1  0/0    13:36   0:23   1:26 
Cedric Paquette          0  0  0  -1  2   1  0  1  0  0  13/28  18:33   2:52   0:56 
Dakota Mermis            0  0  0  -1  0   2  1  0  0  1  0/0    27:57   3:56   4:49 
Danny Biega              0  1  1  -1  0   2  2  3  0  0  0/0    27:57   3:56   4:49 
Denis Malgin             0  0  0  -1  0   1  0  0  0  1  3/5     6:01   0:00   0:38 
Frederick Gaudreau       0  1  1   0  0   2  4  0  0  0  3/9    16:39   2:53   0:00 
Gavin Bayreuther         0  1  1  -2  2   3  1  0  0  1  0/0    19:38   2:13   2:46 
Iven Barbashev           0  0  0  -1  2   1  2  0  0  1  0/0    17:01   0:21   0:00 
John Marino              0  0  0  -2  0   0  0  0  0  0  0/0    19:39   2:13   2:46 
Josh Jooris              1  0  1  -1  2   6  2  0  1  0  3/7    21:31   2:52   3:15 
Juuso Ikonen             0  0  0  -1  0   1  0  0  0  0  0/0     5:36   0:00   0:25 
Kyle Connor              0  2  2   0  0   1  0  0  0  0  1/1    16:40   2:53   0:00 
Matthew Finn             0  0  0   0  0   0  1  0  0  2  0/0    12:24   0:00   0:00 
Max Gortz                0  0  0   0  0   1  0  0  0  0  0/0     4:37   0:27   0:00 
Sam Reinhart             0  0  0  -1  0   2  1  1  0  0  0/0    11:02   0:00   1:11 
Vince Hinostroza         2  0  2   0  0   3  1  3  0  0  0/0    17:47   2:53   1:11 

Players Stats for Condors

Player Name              G  A  P  +/- PIM S  H  SB GA TA FO     MP     PP MP  PK MP  
------------------------------------------------------------------------------------
Adam Erne                0  1  1   2  0   2  2  0  0  0  0/0    12:18   3:11   0:00 
Alexandre Carrier        0  0  0   0  0   0  0  0  1  0  0/0    12:27   0:00   2:15 
Anton Slepyshev          0  1  1   1  2   3  1  0  0  0  1/1    19:11   4:13   2:51 
Brett Lernout            0  0  0   0  0   0  1  0  0  0  0/0    10:47   0:00   0:27 
C.J Suess                0  1  1   2  2   1  0  0  0  0  0/0    12:44   0:20   1:43 
Carl Gunnarsson          0  0  0   1  4   2  2  4  1  0  0/0    23:52   4:24   2:30 
Chris Bigras             0  0  0   2  0   1  2  0  0  0  0/0    18:09   3:11   1:42 
Christian Thomas         1  0  1   1  0   2  0  1  1  0  0/0     8:24   0:00   0:14 
Connor Hurley            0  0  0   1  0   3  1  1  1  0  3/5     9:11   0:00   1:01 
Daniel Zaar              0  2  2  -1  0   4  1  1  2  0  1/3    18:59   4:04   0:00 
Gustav Olofsson          0  0  0   0  0   0  0  0  0  0  0/0     7:45   0:00   0:58 
Jesse Puljujarvi         0  1  1   1  0   2  2  0  0  0  0/0    12:20   0:11   0:00 
Kiefer Sherwood          0  1  1   1  0   1  1  1  0  0  0/0     8:10   0:00   0:00 
Louis Leblanc            2  0  2   2  0   3  2  0  0  0  5/7    10:27   0:20   0:00 
Mark Jankowski           1  1  2   1  0   2  4  0  1  0  5/8    16:15   3:11   0:52 
Philippe Myers           0  0  0   0  0   0  0  0  0  0  0/0     5:49   0:00   0:00 
Robby Fabbri             0  0  0  -1  0   3  0  0  0  0  0/0    21:05   3:11   1:50 
Scott Mayfield           0  1  1   2  0   2  2  2  0  0  0/0    18:09   3:11   1:42 
Tyler Bozak              1  0  1  -1  0   5  2  1  0  0  13/28  23:05   4:04   3:47 
Zac Leslie               0  0  0   1  2   2  0  2  0  1  0/0    24:06   4:24   2:44 

3 Stars

1 - Louis Leblanc (Bak)
2 - Mark Jankowski (Bak)
3 - Vince Hinostroza (Wil)

Power Play

Penguins - 2 on 5 Attempt(s) - 40.00%
Condors - 1 on 5 Attempt(s) - 20.00%

Penalty Kill

Penguins - 4 on 5 Attempt(s) - 80.00% - Score 0 goal in Penalty Kill
Condors - 3 on 5 Attempt(s) - 60.00% - Score 0 goal in Penalty Kill

Team Stat

Penguins - Hits : 18 - Faceoff Wins : 24 - Blocked Shots : 10 - Penalty Minutes : 10
Condors - Hits : 23 - Faceoff Wins : 28 - Blocked Shots : 13 - Penalty Minutes : 10

Official

Referees : Jean Hebert and Chris Schlenker
Linesman : Tony Sericolo and Steve Barton

Game Notes

No Game Note

Finance

Level 1 -- Attendance: 2000 (100.00%) -- Ticket Income $70,000
Level 2 -- Attendance: 908 (90.80%) -- Ticket Income $13,620
Total Attendance: 2908 (96.93%)
Total Ticket Income: $83,620
Other Income: $4,181
Total Income: $87,801

Penguins

5 vs 5 Forward 
   Center                   Left Wing                Right Wing               Time % Phy DF OF 
 1 Cedric Paquette          Andy Andreoff            Josh Jooris              40     1   2  2  
 2 Frederick Gaudreau       Kyle Connor              Vince Hinostroza         30     1   2  2  
 3 Adam Brooks              Anthony Beauvillier      Sam Reinhart             20     1   2  2  
 4 Denis Malgin             Juuso Ikonen             Iven Barbashev           10     1   2  2  

5 vs 5 Defense 
   Defense                  Defense                                           Time % Phy DF OF 
 1 Dakota Mermis            Danny Biega                                       40     1   2  2  
 2 Gavin Bayreuther         John Marino                                       30     1   2  2  
 3 Matthew Finn             Iven Barbashev                                    20     1   2  2  
 4 Dakota Mermis            Danny Biega                                       10     1   2  2  

PowerPlay Forward 
   Center                   Left Wing                Right Wing               Time % Phy DF OF 
 1 Cedric Paquette          Andy Andreoff            Josh Jooris              60     1   2  2  
 2 Frederick Gaudreau       Kyle Connor              Vince Hinostroza         40     1   2  2  

PowerPlay Defense
   Defense                  Defense                                           Time % Phy DF OF 
 1 Dakota Mermis            Danny Biega                                       60     1   2  2  
 2 Gavin Bayreuther         John Marino                                       40     1   2  2  

Penalty Kill 4 Players Forward 
   Center                   Wing                     Time % Phy DF OF 
 1 Josh Jooris              Andy Andreoff            60     1   2  2  
 2 Vince Hinostroza         Sam Reinhart             40     1   2  2  

Penalty Kill 4 Players Defense
   Defense                  Defense                  Time % Phy DF OF 
 1 Dakota Mermis            Danny Biega              60     1   2  2  
 2 Gavin Bayreuther         John Marino              40     1   2  2  

Penalty Kill - 3 Players Forward 
   Forward                                           Time % Phy DF OF 
 1 Josh Jooris                                       60     1   2  2  
 2 Andy Andreoff                                     40     1   2  2  

Penalty Kill - 3 Players Defense
   Defense                  Defense                  Time % Phy DF OF 
 1 Dakota Mermis            Danny Biega              60     1   2  2  
 2 Gavin Bayreuther         John Marino              40     1   2  2  

4 vs 4 Forward 
   Center                   Wing                     Time % Phy DF OF 
 1 Josh Jooris              Andy Andreoff            60     1   2  2  
 2 Vince Hinostroza         Sam Reinhart             40     1   2  2  

4 vs 4 Defense
   Defense                  Defense                  Time % Phy DF OF 
 1 Dakota Mermis            Danny Biega              60     1   2  2  
 2 Gavin Bayreuther         John Marino              40     1   2  2  

Last Minutes Offensive
   Center                   Left Wing                Right Wing               Defense                  Defense                  
   Cedric Paquette          Andy Andreoff            Josh Jooris              Dakota Mermis            Danny Biega              

Last Minutes Defensive
   Center                   Left Wing                Right Wing               Defense                  Defense                  
   Cedric Paquette          Andy Andreoff            Josh Jooris              Dakota Mermis            Danny Biega              

Goaltenders
Starting : Connor Hellebyuk         
Backup : Anthony Stolarz          

Extra Forwards
Normal : Max Gortz, Anthony Beauvillier, Adam Brooks - PP : Max Gortz, Anthony Beauvillier - PK : Adam Brooks
Extra Defensemen
Normal : Matthew Finn, Gavin Bayreuther, John Marino - PP : Matthew Finn - PK : Gavin Bayreuther, John Marino
Penalty Shots
Josh Jooris, Andy Andreoff, Vince Hinostroza, Sam Reinhart, Cedric Paquette

Scratches
Andrew O'Brien (Left Hand Injury), Brett Pollock (Healthy), Curtis Hamilton (Healthy), Josh Ho-Sang (Healthy), Raphael Bussieres (Healthy)
Sam Kurker (Healthy), Steven Spinner (Healthy), German Rubtsov (Healthy)

Condors

5 vs 5 Forward 
   Center                   Left Wing                Right Wing               Time % Phy DF OF 
 1 Tyler Bozak              Robby Fabbri             Daniel Zaar              40     1   2  2  
 2 Mark Jankowski           Anton Slepyshev          Jesse Puljujarvi         30     1   2  2  
 3 Louis Leblanc            C.J Suess                Adam Erne                20     1   2  2  
 4 Connor Hurley            Christian Thomas         Kiefer Sherwood          10     1   2  2  

5 vs 5 Defense 
   Defense                  Defense                                           Time % Phy DF OF 
 1 Carl Gunnarsson          Zac Leslie                                        40     1   2  2  
 2 Chris Bigras             Scott Mayfield                                    30     1   2  2  
 3 Brett Lernout            Alexandre Carrier                                 20     1   2  2  
 4 Gustav Olofsson          Philippe Myers                                    10     1   2  2  

PowerPlay Forward 
   Center                   Left Wing                Right Wing               Time % Phy DF OF 
 1 Tyler Bozak              Anton Slepyshev          Daniel Zaar              60     1   2  2  
 2 Mark Jankowski           Robby Fabbri             Adam Erne                40     1   2  2  

PowerPlay Defense
   Defense                  Defense                                           Time % Phy DF OF 
 1 Carl Gunnarsson          Zac Leslie                                        60     1   2  2  
 2 Chris Bigras             Scott Mayfield                                    40     1   2  2  

Penalty Kill 4 Players Forward 
   Center                   Wing                     Time % Phy DF OF 
 1 Tyler Bozak              Anton Slepyshev          60     1   2  2  
 2 Mark Jankowski           Robby Fabbri             40     1   2  2  

Penalty Kill 4 Players Defense
   Defense                  Defense                  Time % Phy DF OF 
 1 Carl Gunnarsson          Zac Leslie               60     1   2  2  
 2 Chris Bigras             Scott Mayfield           40     1   2  2  

Penalty Kill - 3 Players Forward 
   Forward                                           Time % Phy DF OF 
 1 Tyler Bozak                                       60     1   2  2  
 2 Mark Jankowski                                    40     1   2  2  

Penalty Kill - 3 Players Defense
   Defense                  Defense                  Time % Phy DF OF 
 1 Carl Gunnarsson          Zac Leslie               60     1   2  2  
 2 Chris Bigras             Scott Mayfield           40     1   2  2  

4 vs 4 Forward 
   Center                   Wing                     Time % Phy DF OF 
 1 Tyler Bozak              Anton Slepyshev          60     1   2  2  
 2 Mark Jankowski           Robby Fabbri             40     1   2  2  

4 vs 4 Defense
   Defense                  Defense                  Time % Phy DF OF 
 1 Carl Gunnarsson          Zac Leslie               60     1   2  2  
 2 Chris Bigras             Scott Mayfield           40     1   2  2  

Last Minutes Offensive
   Center                   Left Wing                Right Wing               Defense                  Defense                  
   Tyler Bozak              Anton Slepyshev          Daniel Zaar              Carl Gunnarsson          Zac Leslie               

Last Minutes Defensive
   Center                   Left Wing                Right Wing               Defense                  Defense                  
   Tyler Bozak              Anton Slepyshev          Daniel Zaar              Carl Gunnarsson          Zac Leslie               

Goaltenders
Starting : Ilya Samsonov            
Backup : Mark Visentin            

Extra Forwards
Normal : Robby Fabbri, Louis Leblanc, C.J Suess - PP : Robby Fabbri, Louis Leblanc - PK : Robby Fabbri
Extra Defensemen
Normal : Alexandre Carrier, Gustav Olofsson, Philippe Myers - PP : Alexandre Carrier - PK : Alexandre Carrier, Gustav Olofsson
Penalty Shots
Tyler Bozak, Anton Slepyshev, Mark Jankowski, Daniel Zaar, Robby Fabbri

Scratches
Anders Bjork (Healthy), Cole Cassels (Healthy), Colin White (Healthy), Emil Djuse (Healthy), Jeremy Gregoire (Healthy)
Jordan Subban (Healthy), Nick Merkley (Healthy), Remi Elie (Healthy), Nikolai Knyzhov (Healthy), Lucas Johansen (Healthy)
Jack Campbell (Healthy)

% Time on Ice - Penguins

Lines # - Real PCT - Wanted PCT - Time Play
Normal Forward
1 - 35% - 40% - 16:03
2 - 32% - 30% - 14:40
3 - 22% - 20% - 9:51
4 - 11% - 10% - 5:08
Normal Defense
1 - 38% - 40% - 17:19
2 - 32% - 30% - 14:40
3 - 27% - 20% - 12:24
4 - 3% - 10% - 1:19
PP Forward
1 - 53% - 60% - 3:16
2 - 47% - 40% - 2:53
PP Defense
1 - 64% - 60% - 3:56
2 - 36% - 40% - 2:13
PK Forward
1 - 84% - 60% - 6:24
2 - 16% - 40% - 1:11
PK Defense
1 - 64% - 60% - 4:49
2 - 36% - 40% - 2:46
PK3 Forward
1 - 0% - 60%
2 - 0% - 40%
PK3 Defense
1 - 0% - 60%
2 - 0% - 40%
44 Forward
1 - 100% - 60% - 0:34
2 - 0% - 40% - 0:00
44 Defense
1 - 100% - 60% - 0:34
2 - 0% - 40% - 0:00
Last Minute Offensive  - 0:00
Last Minute Defensive  - 0:00
Total
Forward - 60:00
Defense - 60:00

% Time on Ice - Condors

Lines # - Real PCT - Wanted PCT - Time Play
Normal Forward
1 - 36% - 40% - 16:23
2 - 27% - 30% - 12:12
3 - 20% - 20% - 8:57
4 - 18% - 10% - 8:10
Normal Defense
1 - 37% - 40% - 16:59
2 - 28% - 30% - 12:42
3 - 22% - 20% - 10:12
4 - 13% - 10% - 5:49
PP Forward
1 - 58% - 60% - 4:24
2 - 42% - 40% - 3:11
PP Defense
1 - 58% - 60% - 4:24
2 - 42% - 40% - 3:11
PK Forward
1 - 86% - 60% - 5:17
2 - 14% - 40% - 0:52
PK Defense
1 - 72% - 60% - 4:27
2 - 28% - 40% - 1:42
PK3 Forward
1 - 0% - 60%
2 - 0% - 40%
PK3 Defense
1 - 0% - 60%
2 - 0% - 40%
44 Forward
1 - 100% - 60% - 0:34
2 - 0% - 40% - 0:00
44 Defense
1 - 0% - 60% - 0:00
2 - 100% - 40% - 0:34
Last Minute Offensive  - 0:00
Last Minute Defensive  - 0:00
Total
Forward - 60:00
Defense - 60:00

Play-by-Play

1st period


0:01 of 1st period - Tyler Bozak wins face-off versus Cedric Paquette in neutral zone.
0:06 of 1st period - Snap shot by Tyler Bozak.
0:06 of 1st period - Shot Blocked by Cedric Paquette.
0:58 of 1st period - Snap shot by Louis Leblanc.
0:58 of 1st period - Goal by Louis Leblanc - Penguins : 0 - Condors : 1.
0:59 of 1st period - Connor Hurley wins face-off versus Denis Malgin in neutral zone.
1:02 of 1st period - Matthew Finn is hit by Kiefer Sherwood and loses puck.
1:09 of 1st period - Chris Bigras is hit by Matthew Finn and loses puck.
2:41 of 1st period - Snap shot by Tyler Bozak.
2:41 of 1st period - Shot Misses the Net.
2:43 of 1st period - Snap shot by Robby Fabbri.
2:43 of 1st period - Deflect By Tyler Bozak.
2:43 of 1st period - Shot Misses the Net.
2:43 of 1st period - Puck is out of play.
2:44 of 1st period - Tyler Bozak wins face-off versus Adam Brooks in Penguins zone.
3:01 of 1st period - Snap shot by Tyler Bozak.
3:01 of 1st period - Shot Misses the Net.
3:03 of 1st period - Snap shot by Daniel Zaar.
3:03 of 1st period - Stopped by Connor Hellebyuk with a rebound.
4:04 of 1st period - Wrist shot by Daniel Zaar.
4:04 of 1st period - Shot Blocked by Danny Biega.
4:14 of 1st period - Wrist shot by Daniel Zaar.
4:14 of 1st period - Shot Misses the Net.
4:16 of 1st period - Slapshot by Tyler Bozak.
4:16 of 1st period - Stopped by Connor Hellebyuk without a rebound.
4:17 of 1st period - Cedric Paquette wins face-off versus Mark Jankowski in Penguins zone.
4:31 of 1st period - Wrist shot by Josh Jooris.
4:31 of 1st period - Stopped by Ilya Samsonov without a rebound.
4:32 of 1st period - Louis Leblanc wins face-off versus Frederick Gaudreau in Condors zone.
4:32 of 1st period - Louis Leblanc is hit by Frederick Gaudreau.
4:58 of 1st period - Andy Andreoff is hit by Brett Lernout and loses puck.
5:09 of 1st period - Snap shot by Josh Jooris.
5:09 of 1st period - Stopped by Ilya Samsonov with a rebound.
6:03 of 1st period - Wrist shot by Josh Jooris.
6:03 of 1st period - Stopped by Ilya Samsonov with a rebound.
6:05 of 1st period - Snap shot by Andy Andreoff.
6:05 of 1st period - Stopped by Ilya Samsonov with a rebound.
6:07 of 1st period - Backhand shot by Dakota Mermis.
6:07 of 1st period - Stopped by Ilya Samsonov with a rebound.
7:43 of 1st period - Connor Hurley is hit by Josh Jooris and loses puck.
8:08 of 1st period - Slapshot by Louis Leblanc.
8:08 of 1st period - Shot Misses the Net.
9:08 of 1st period - Anthony Beauvillier is hit by Adam Erne and loses puck.
9:31 of 1st period - Snap shot by Tyler Bozak.
9:31 of 1st period - Shot Misses the Net.
10:13 of 1st period - Snap shot by Connor Hurley.
10:13 of 1st period - Stopped by Connor Hellebyuk with a rebound.
10:15 of 1st period - Slapshot by Connor Hurley.
10:15 of 1st period - Stopped by Connor Hellebyuk with a rebound.
10:29 of 1st period - Wrist shot by Robby Fabbri.
10:29 of 1st period - Shot Misses the Net.
10:31 of 1st period - Snap shot by Tyler Bozak.
10:31 of 1st period - Shot Misses the Net.
11:14 of 1st period - Slapshot by C.J Suess.
11:14 of 1st period - Shot Blocked by Adam Brooks.
11:36 of 1st period - Slapshot by Christian Thomas.
11:36 of 1st period - Goal by Christian Thomas - Penguins : 0 - Condors : 2.
11:37 of 1st period - Cedric Paquette wins face-off versus Tyler Bozak in neutral zone.
12:03 of 1st period - Vince Hinostroza is hit by Mark Jankowski and loses puck.
12:27 of 1st period - Anton Slepyshev is hit by Danny Biega and loses puck.
12:38 of 1st period - Wrist shot by Mark Jankowski.
12:38 of 1st period - Shot Misses the Net.
12:40 of 1st period - Slapshot by Chris Bigras.
12:40 of 1st period - Stopped by Connor Hellebyuk without a rebound.
12:41 of 1st period - Cedric Paquette wins face-off versus Tyler Bozak in Penguins zone.
13:33 of 1st period - Slapshot by Gavin Bayreuther.
13:33 of 1st period - Stopped by Ilya Samsonov with a rebound.
13:58 of 1st period - Snap shot by Sam Reinhart.
13:58 of 1st period - Stopped by Ilya Samsonov without a rebound.
13:59 of 1st period - Cedric Paquette wins face-off versus Mark Jankowski in Condors zone.
14:02 of 1st period - Wrist shot by Cedric Paquette.
14:02 of 1st period - Shot Blocked by Scott Mayfield.
14:12 of 1st period - Dakota Mermis is hit by Scott Mayfield and loses puck.
14:21 of 1st period - Cedric Paquette is hit by Mark Jankowski and loses puck.
14:30 of 1st period - Snap shot by Danny Biega.
14:30 of 1st period - Stopped by Ilya Samsonov without a rebound.
14:31 of 1st period - Kyle Connor wins face-off versus Tyler Bozak in Condors zone.
14:36 of 1st period - Backhand shot by Vince Hinostroza.
14:36 of 1st period - Deflect By Daniel Zaar.
14:36 of 1st period - Shot Blocked by Zac Leslie.
14:36 of 1st period - Puck is out of play.
14:37 of 1st period - Frederick Gaudreau wins face-off versus Tyler Bozak in Condors zone.
14:46 of 1st period - Wrist shot by Kyle Connor.
14:46 of 1st period - Shot Misses the Net.
14:48 of 1st period - Snap shot by Vince Hinostroza.
14:48 of 1st period - Shot Blocked by Zac Leslie.
14:50 of 1st period - Slapshot by Vince Hinostroza.
14:50 of 1st period - Goal by Vince Hinostroza - Penguins : 1 - Condors : 2.
14:51 of 1st period - Tyler Bozak wins face-off versus Cedric Paquette in neutral zone.
15:24 of 1st period - Snap shot by Mark Jankowski.
15:24 of 1st period - Stopped by Connor Hellebyuk with a rebound.
15:26 of 1st period - Snap shot by Jesse Puljujarvi.
15:26 of 1st period - Deflect By Anton Slepyshev.
15:26 of 1st period - Shot Blocked by Vince Hinostroza.
15:26 of 1st period - Puck is out of play.
15:27 of 1st period - Louis Leblanc wins face-off versus Cedric Paquette in Penguins zone.
15:38 of 1st period - Snap shot by Josh Jooris.
15:38 of 1st period - Deflect By Louis Leblanc.
15:38 of 1st period - Shot Misses the Net.
15:38 of 1st period - Puck is out of play.
15:39 of 1st period - Cedric Paquette wins face-off versus Daniel Zaar in Condors zone.
15:40 of 1st period - Wrist shot by Josh Jooris.
15:40 of 1st period - Shot Misses the Net.
16:30 of 1st period - Snap shot by Kiefer Sherwood.
16:30 of 1st period - Shot Blocked by Sam Reinhart.
16:32 of 1st period - Slapshot by Scott Mayfield.
16:32 of 1st period - Stopped by Connor Hellebyuk with a rebound.
16:34 of 1st period - Snap shot by Connor Hurley.
16:34 of 1st period - Stopped by Connor Hellebyuk without a rebound.
16:35 of 1st period - Tyler Bozak wins face-off versus Cedric Paquette in Penguins zone.
17:29 of 1st period - Wrist shot by C.J Suess.
17:29 of 1st period - Stopped by Connor Hellebyuk without a rebound.
17:30 of 1st period - Tyler Bozak wins face-off versus Cedric Paquette in Penguins zone.
17:35 of 1st period - Wrist shot by Tyler Bozak.
17:35 of 1st period - Stopped by Connor Hellebyuk with a rebound.
17:57 of 1st period - Carl Gunnarsson is hit by Frederick Gaudreau and loses puck.
19:06 of 1st period - Wrist shot by Cedric Paquette.
19:06 of 1st period - Deflect By Josh Jooris.
19:06 of 1st period - Shot Blocked by Carl Gunnarsson.
19:06 of 1st period - Puck is out of play.
19:07 of 1st period - Cedric Paquette wins face-off versus Louis Leblanc in Condors zone.
19:22 of 1st period - Slapshot by Adam Erne.
19:22 of 1st period - Stopped by Connor Hellebyuk with a rebound.
19:32 of 1st period - Frederick Gaudreau is hit by Scott Mayfield and loses puck.
19:41 of 1st period - Slapshot by Kyle Connor.
19:41 of 1st period - Shot Misses the Net.
Goals for this period are 1 for Penguins vs 2 for Condors.
Shots for this period are 9 for Penguins vs 13 for Condors.

2nd period


0:01 of 2nd period - Cedric Paquette wins face-off versus Tyler Bozak in neutral zone.
0:48 of 2nd period - Wrist shot by Adam Erne.
0:48 of 2nd period - Shot Misses the Net.
0:54 of 2nd period - C.J Suess is hit by Anthony Beauvillier.
1:16 of 2nd period - Double Minor Penalty to Carl Gunnarsson for Slashing.
1:17 of 2nd period - Cedric Paquette wins face-off versus Tyler Bozak in Condors zone.
1:21 of 2nd period - Snap shot by Andy Andreoff.
1:21 of 2nd period - Stopped by Ilya Samsonov with a rebound.
1:23 of 2nd period - Slapshot by Danny Biega.
1:23 of 2nd period - Stopped by Ilya Samsonov with a rebound.
1:25 of 2nd period - Snap shot by Josh Jooris.
1:25 of 2nd period - Goal by Josh Jooris - Penguins : 2 - Condors : 2.
1:26 of 2nd period - Tyler Bozak wins face-off versus Cedric Paquette in neutral zone.
1:29 of 2nd period - Snap shot by Zac Leslie.
1:29 of 2nd period - Deflect By Cedric Paquette.
1:29 of 2nd period - Stopped by Connor Hellebyuk with a rebound.
3:25 of 2nd period - Penalty to Carl Gunnarsson is over, Carl Gunnarsson is back on ice.
3:30 of 2nd period - Wrist shot by Robby Fabbri.
3:30 of 2nd period - Stopped by Connor Hellebyuk with a rebound.
3:36 of 2nd period - Snap shot by Carl Gunnarsson.
3:36 of 2nd period - Deflect By Robby Fabbri.
3:36 of 2nd period - Stopped by Connor Hellebyuk with a rebound.
4:08 of 2nd period - Wrist shot by Carl Gunnarsson.
4:08 of 2nd period - Shot Misses the Net.
4:22 of 2nd period - Wrist shot by Iven Barbashev.
4:22 of 2nd period - Stopped by Ilya Samsonov without a rebound.
4:23 of 2nd period - Mark Jankowski wins face-off versus Cedric Paquette in Condors zone.
4:50 of 2nd period - Frederick Gaudreau is hit by Connor Hurley and loses puck.
5:13 of 2nd period - Backhand shot by Tyler Bozak.
5:13 of 2nd period - Stopped by Connor Hellebyuk with a rebound.
5:15 of 2nd period - Wrist shot by Tyler Bozak.
5:15 of 2nd period - Shot Blocked by Danny Biega.
5:17 of 2nd period - Snap shot by Tyler Bozak.
5:17 of 2nd period - Shot Misses the Net.
5:19 of 2nd period - Snap shot by Daniel Zaar.
5:19 of 2nd period - Stopped by Connor Hellebyuk without a rebound.
5:20 of 2nd period - Mark Jankowski wins face-off versus Frederick Gaudreau in Penguins zone.
5:29 of 2nd period - Snap shot by Anton Slepyshev.
5:29 of 2nd period - Shot Misses the Net.
5:31 of 2nd period - Slapshot by Scott Mayfield.
5:31 of 2nd period - Shot Misses the Net.
5:33 of 2nd period - Wrist shot by Jesse Puljujarvi.
5:33 of 2nd period - Stopped by Connor Hellebyuk with a rebound.
5:35 of 2nd period - Snap shot by Mark Jankowski.
5:35 of 2nd period - Deflect By Vince Hinostroza.
5:35 of 2nd period - Goal by Mark Jankowski - Penguins : 2 - Condors : 3.
5:36 of 2nd period - Tyler Bozak wins face-off versus Cedric Paquette in neutral zone.
6:01 of 2nd period - Frederick Gaudreau is hit by Anton Slepyshev and loses puck.
6:47 of 2nd period - Snap shot by Josh Jooris.
6:47 of 2nd period - Stopped by Ilya Samsonov with a rebound.
7:10 of 2nd period - Snap shot by Iven Barbashev.
7:10 of 2nd period - Shot Blocked by Scott Mayfield.
7:38 of 2nd period - Snap shot by Sam Reinhart.
7:38 of 2nd period - Shot Misses the Net.
7:59 of 2nd period - Snap shot by Louis Leblanc.
7:59 of 2nd period - Stopped by Connor Hellebyuk without a rebound.
8:00 of 2nd period - Cedric Paquette wins face-off versus Tyler Bozak in Penguins zone.
8:27 of 2nd period - Snap shot by Vince Hinostroza.
8:27 of 2nd period - Shot Blocked by Carl Gunnarsson.
8:29 of 2nd period - Snap shot by Frederick Gaudreau.
8:29 of 2nd period - Stopped by Ilya Samsonov without a rebound.
8:30 of 2nd period - Mark Jankowski wins face-off versus Frederick Gaudreau in Condors zone.
8:30 of 2nd period - Mark Jankowski is hit by Frederick Gaudreau.
8:57 of 2nd period - Snap shot by Anton Slepyshev.
8:57 of 2nd period - Stopped by Connor Hellebyuk with a rebound.
8:59 of 2nd period - Backhand shot by Mark Jankowski.
8:59 of 2nd period - Shot Blocked by Vince Hinostroza.
9:01 of 2nd period - Slapshot by Mark Jankowski.
9:01 of 2nd period - Shot Misses the Net.
9:03 of 2nd period - Backhand shot by Scott Mayfield.
9:03 of 2nd period - Stopped by Connor Hellebyuk without a rebound.
9:04 of 2nd period - Tyler Bozak wins face-off versus Cedric Paquette in Penguins zone.
9:31 of 2nd period - Tyler Bozak is hit by Iven Barbashev and loses puck.
11:07 of 2nd period - Icing by Christian Thomas.
11:08 of 2nd period - Frederick Gaudreau wins face-off versus Connor Hurley in Condors zone.
11:11 of 2nd period - Snap shot by Vince Hinostroza.
11:11 of 2nd period - Deflect By Kyle Connor.
11:11 of 2nd period - Stopped by Ilya Samsonov with a rebound.
11:13 of 2nd period - Slapshot by Gavin Bayreuther.
11:13 of 2nd period - Deflect By Zac Leslie.
11:13 of 2nd period - Stopped by Ilya Samsonov without a rebound.
11:14 of 2nd period - Louis Leblanc wins face-off versus Frederick Gaudreau in Condors zone.
11:19 of 2nd period - Frederick Gaudreau is hit by Carl Gunnarsson and loses puck.
11:31 of 2nd period - Minor Penalty to Zac Leslie for Hooking.
11:32 of 2nd period - Cedric Paquette wins face-off versus Tyler Bozak in Condors zone.
11:44 of 2nd period - Slapshot by Andy Andreoff.
11:44 of 2nd period - Stopped by Ilya Samsonov with a rebound.
12:28 of 2nd period - Wrist shot by Robby Fabbri.
12:28 of 2nd period - Shot Misses the Net.
13:31 of 2nd period - Penalty to Zac Leslie is over, Zac Leslie is back on ice.
13:42 of 2nd period - Wrist shot by Zac Leslie.
13:42 of 2nd period - Stopped by Connor Hellebyuk with a rebound.
13:44 of 2nd period - Wrist shot by Connor Hurley.
13:44 of 2nd period - Shot Blocked by Adam Brooks.
13:46 of 2nd period - Snap shot by Christian Thomas.
13:46 of 2nd period - Shot Misses the Net.
13:52 of 2nd period - Snap shot by Kiefer Sherwood.
13:52 of 2nd period - Stopped by Connor Hellebyuk with a rebound.
13:54 of 2nd period - Slapshot by Christian Thomas.
13:54 of 2nd period - Stopped by Connor Hellebyuk with a rebound.
14:09 of 2nd period - Slapshot by Adam Erne.
14:09 of 2nd period - Stopped by Connor Hellebyuk without a rebound.
14:10 of 2nd period - Denis Malgin wins face-off versus Louis Leblanc in Penguins zone.
14:19 of 2nd period - Wrist shot by Max Gortz.
14:19 of 2nd period - Stopped by Ilya Samsonov with a rebound.
14:21 of 2nd period - Slapshot by Denis Malgin.
14:21 of 2nd period - Stopped by Ilya Samsonov without a rebound.
14:22 of 2nd period - Cedric Paquette wins face-off versus Tyler Bozak in Condors zone.
14:33 of 2nd period - Snap shot by Andy Andreoff.
14:33 of 2nd period - Shot Blocked by Carl Gunnarsson.
14:47 of 2nd period - Jesse Puljujarvi is hit by Frederick Gaudreau and loses puck.
15:12 of 2nd period - Louis Leblanc is hit by Iven Barbashev and loses puck.
16:08 of 2nd period - Dakota Mermis is hit by Jesse Puljujarvi and loses puck.
16:31 of 2nd period - Slapshot by Gavin Bayreuther.
16:31 of 2nd period - Deflect By Juuso Ikonen.
16:31 of 2nd period - Shot Blocked by Connor Hurley.
16:31 of 2nd period - Puck is out of play.
16:32 of 2nd period - Mark Jankowski wins face-off versus Denis Malgin in Condors zone.
16:37 of 2nd period - Wrist shot by Anton Slepyshev.
16:37 of 2nd period - Stopped by Connor Hellebyuk without a rebound.
16:38 of 2nd period - Denis Malgin wins face-off versus Mark Jankowski in Penguins zone.
16:38 of 2nd period - Denis Malgin is hit by Jesse Puljujarvi.
16:41 of 2nd period - Minor Penalty to Gavin Bayreuther for Hooking.
16:42 of 2nd period - Tyler Bozak wins face-off versus Josh Jooris in Penguins zone.
16:54 of 2nd period - Wrist shot by Tyler Bozak.
16:54 of 2nd period - Goal by Tyler Bozak - Penguins : 2 - Condors : 4.
16:55 of 2nd period - Cedric Paquette wins face-off versus Tyler Bozak in neutral zone.
17:29 of 2nd period - Josh Jooris is hit by Louis Leblanc and loses puck.
17:44 of 2nd period - Wrist shot by Anton Slepyshev.
17:44 of 2nd period - Deflect By Jesse Puljujarvi.
17:44 of 2nd period - Stopped by Connor Hellebyuk with a rebound.
17:51 of 2nd period - Minor Penalty to Anton Slepyshev for Holding.
17:52 of 2nd period - Tyler Bozak wins face-off versus Frederick Gaudreau in Condors zone.
17:52 of 2nd period - Tyler Bozak is hit by Danny Biega.
18:17 of 2nd period - Frederick Gaudreau is hit by Tyler Bozak and loses puck.
19:16 of 2nd period - Minor Penalty to Anthony Beauvillier for Hooking.
19:17 of 2nd period - Josh Jooris wins face-off versus Tyler Bozak in Penguins zone.
19:51 of 2nd period - Penalty to Anton Slepyshev is over, Anton Slepyshev is back on ice.
Goals for this period are 1 for Penguins vs 2 for Condors.
Shots for this period are 11 for Penguins vs 17 for Condors.

3rd period


0:01 of 3rd period - Tyler Bozak wins face-off versus Josh Jooris in neutral zone.
0:12 of 3rd period - Slapshot by Zac Leslie.
0:12 of 3rd period - Shot Misses the Net.
0:14 of 3rd period - Wrist shot by Daniel Zaar.
0:14 of 3rd period - Stopped by Connor Hellebyuk with a rebound.
0:16 of 3rd period - Slapshot by Daniel Zaar.
0:16 of 3rd period - Stopped by Connor Hellebyuk with a rebound.
1:04 of 3rd period - Gavin Bayreuther is hit by Tyler Bozak.
1:16 of 3rd period - Penalty to Anthony Beauvillier is over, Anthony Beauvillier is back on ice.
1:27 of 3rd period - Off-side.
1:28 of 3rd period - Connor Hurley wins face-off versus Frederick Gaudreau in neutral zone.
1:35 of 3rd period - Slapshot by Christian Thomas.
1:35 of 3rd period - Shot Blocked by Vince Hinostroza.
1:42 of 3rd period - Minor Penalty to Iven Barbashev for Hooking.
1:43 of 3rd period - Josh Jooris wins face-off versus Daniel Zaar in Penguins zone.
1:53 of 3rd period - Slapshot by Danny Biega.
1:53 of 3rd period - Deflect By Andy Andreoff.
1:53 of 3rd period - Shot Misses the Net.
1:53 of 3rd period - Puck is out of play.
1:54 of 3rd period - Anton Slepyshev wins face-off versus Josh Jooris in Condors zone.
1:59 of 3rd period - Dakota Mermis is hit by Carl Gunnarsson and loses puck.
2:24 of 3rd period - Snap shot by Carl Gunnarsson.
2:24 of 3rd period - Stopped by Connor Hellebyuk without a rebound.
2:25 of 3rd period - Tyler Bozak wins face-off versus Josh Jooris in Penguins zone.
2:50 of 3rd period - Chris Bigras is hit by Sam Reinhart and loses puck.
3:00 of 3rd period - Slapshot by Carl Gunnarsson.
3:00 of 3rd period - Stopped by Connor Hellebyuk with a rebound.
3:31 of 3rd period - Chris Bigras is hit by Adam Brooks and loses puck.
3:42 of 3rd period - Penalty to Iven Barbashev is over, Iven Barbashev is back on ice.
3:57 of 3rd period - Snap shot by Juuso Ikonen.
3:57 of 3rd period - Stopped by Ilya Samsonov with a rebound.
4:28 of 3rd period - Wrist shot by Sam Reinhart.
4:28 of 3rd period - Deflect By Anton Slepyshev.
4:28 of 3rd period - Stopped by Ilya Samsonov with a rebound.
4:46 of 3rd period - Snap shot by Josh Jooris.
4:46 of 3rd period - Stopped by Ilya Samsonov without a rebound.
4:47 of 3rd period - Connor Hurley wins face-off versus Cedric Paquette in Condors zone.
5:10 of 3rd period - Snap shot by Tyler Bozak.
5:10 of 3rd period - Stopped by Connor Hellebyuk with a rebound.
5:41 of 3rd period - Minor Penalty to C.J Suess for Slashing.
5:42 of 3rd period - Tyler Bozak wins face-off versus Cedric Paquette in Condors zone.
5:56 of 3rd period - Wrist shot by Dakota Mermis.
5:56 of 3rd period - Stopped by Ilya Samsonov with a rebound.
5:58 of 3rd period - Snap shot by Dakota Mermis.
5:58 of 3rd period - Shot Blocked by Tyler Bozak.
6:16 of 3rd period - Slapshot by Gavin Bayreuther.
6:16 of 3rd period - Stopped by Ilya Samsonov with a rebound.
6:18 of 3rd period - Slapshot by Gavin Bayreuther.
6:18 of 3rd period - Deflect By Vince Hinostroza.
6:18 of 3rd period - Goal by Vince Hinostroza - Penguins : 3 - Condors : 4.
6:19 of 3rd period - Louis Leblanc wins face-off versus Cedric Paquette in neutral zone.
7:11 of 3rd period - Snap shot by Mark Jankowski.
7:11 of 3rd period - Shot Misses the Net.
7:13 of 3rd period - Wrist shot by Anton Slepyshev.
7:13 of 3rd period - Stopped by Connor Hellebyuk without a rebound.
7:14 of 3rd period - Mark Jankowski wins face-off versus Cedric Paquette in Penguins zone.
7:24 of 3rd period - Minor Penalty to Josh Jooris for Goalie Interference.
7:25 of 3rd period - Adam Brooks wins face-off versus Tyler Bozak in Penguins zone.
8:01 of 3rd period - Snap shot by Robby Fabbri.
8:01 of 3rd period - Shot Blocked by Danny Biega.
8:11 of 3rd period - Backhand shot by Dakota Mermis.
8:11 of 3rd period - Deflect By Cedric Paquette.
8:11 of 3rd period - Stopped by Ilya Samsonov with a rebound.
9:10 of 3rd period - Carl Gunnarsson is hit by Dakota Mermis.
9:24 of 3rd period - Penalty to Josh Jooris is over, Josh Jooris is back on ice.
9:34 of 3rd period - Wrist shot by Vince Hinostroza.
9:34 of 3rd period - Shot Misses the Net.
9:36 of 3rd period - Wrist shot by Vince Hinostroza.
9:36 of 3rd period - Shot Blocked by Christian Thomas.
9:40 of 3rd period - Snap shot by Kyle Connor.
9:40 of 3rd period - Shot Misses the Net.
9:42 of 3rd period - Snap shot by Frederick Gaudreau.
9:42 of 3rd period - Stopped by Ilya Samsonov without a rebound.
9:43 of 3rd period - Denis Malgin wins face-off versus Connor Hurley in Condors zone.
10:17 of 3rd period - Wrist shot by Vince Hinostroza.
10:17 of 3rd period - Shot Misses the Net.
11:31 of 3rd period - Wrist shot by Louis Leblanc.
11:31 of 3rd period - Goal by Louis Leblanc - Penguins : 3 - Condors : 5.
11:32 of 3rd period - Cedric Paquette wins face-off versus Tyler Bozak in neutral zone.
11:59 of 3rd period - Frederick Gaudreau is hit by Mark Jankowski and loses puck.
12:08 of 3rd period - Snap shot by Vince Hinostroza.
12:08 of 3rd period - Stopped by Ilya Samsonov with a rebound.
12:10 of 3rd period - Snap shot by Frederick Gaudreau.
12:10 of 3rd period - Shot Blocked by Carl Gunnarsson.
12:49 of 3rd period - Connor Hurley is hit by Josh Jooris and loses puck.
13:01 of 3rd period - Off-side.
13:02 of 3rd period - Frederick Gaudreau wins face-off versus Tyler Bozak in neutral zone.
13:05 of 3rd period - Slapshot by Kyle Connor.
13:05 of 3rd period - Shot Blocked by Daniel Zaar.
13:10 of 3rd period - Off-side.
13:11 of 3rd period - Daniel Zaar wins face-off versus Cedric Paquette in neutral zone.
13:21 of 3rd period - Minor Penalty to Cedric Paquette for Slashing.
13:22 of 3rd period - Josh Jooris wins face-off versus Tyler Bozak in Penguins zone.
13:48 of 3rd period - Danny Biega is hit by Adam Erne and loses puck.
13:55 of 3rd period - Snap shot by Robby Fabbri.
13:55 of 3rd period - Stopped by Connor Hellebyuk with a rebound.
14:05 of 3rd period - Gavin Bayreuther is hit by Chris Bigras and loses puck.
14:44 of 3rd period - Tyler Bozak is hit by Anthony Beauvillier and loses puck.
15:13 of 3rd period - Denis Malgin is hit by Louis Leblanc and loses puck.
15:21 of 3rd period - Penalty to Cedric Paquette is over, Cedric Paquette is back on ice.
16:14 of 3rd period - Jesse Puljujarvi is hit by Vince Hinostroza and loses puck.
16:56 of 3rd period - Snap shot by Cedric Paquette.
16:56 of 3rd period - Shot Blocked by Kiefer Sherwood.
17:04 of 3rd period - Matthew Finn is hit by Chris Bigras.
17:26 of 3rd period - Anthony Beauvillier is hit by Mark Jankowski and loses puck.
18:35 of 3rd period - Anton Slepyshev is hit by Gavin Bayreuther and loses puck.
19:06 of 3rd period - Andy Andreoff is hit by Daniel Zaar.
19:13 of 3rd period - Icing by Robby Fabbri.
19:14 of 3rd period - Louis Leblanc wins face-off versus Cedric Paquette in Condors zone.
Goals for this period are 1 for Penguins vs 1 for Condors.
Shots for this period are 9 for Penguins vs 8 for Condors.